 Dungeon Crawl Stone Soup version 0.22-a0-355-g201945f (webtiles) character file.

32675 JeffiDaFish the Arsonist (level 13, 0/100 HPs)
             Began as a Red Draconian Fire Elementalist on Apr 18, 2018.
             Was a High Priest of Sif Muna.
             Slain by an elephant (8 damage)
             ... on level 6 of the Lair of Beasts.
             The game lasted 00:52:27 (22354 turns).

JeffiDaFish the Arsonist (DrFE)                    Turns: 22354, Time: 00:52:28

Health: 0/100      AC: 15    Str: 11    XL:     13   Next: 32%
Magic:  9/25       EV: 14    Int: 26    God:    Sif Muna [*****.]
Gold:   629        SH:  8    Dex: 12    Spells: 13/34 levels left

rFire    + . .     SeeInvis .   p - +3 short sword (elec)
rCold    . . .     Gourm    .   n - +3 buckler
rNeg     . . .     Faith    .   (armour unavailable)
rPois    .         Spirit   .   (helmet restricted)
rElec    .         Reflect  .   a - +1 cloak
rCorr    .         Harm     .   q - +2 pair of gloves
MR       .....     Clarity  +   e - +1 pair of boots (curse)
Stlth    ++........             (no amulet)
HPRegen  0.26/turn              v - +3 ring of intelligence
MPRegen  0.19/turn              x - +3 ring of intelligence

@: divine energy
A: breathe fire, unfitting armour, clarity, fire resistance 1, low mp 1,
cold-blooded, AC +8
a: Breathe Fire, Stop Divine Energy, Channel Magic, Forget Spell, Renounce
Religion


You were on level 6 of the Lair of Beasts.
You worshipped Sif Muna.
Sif Muna was extremely pleased with you.
You were hungry.

You visited 3 branches of the dungeon, and saw 17 of its levels.

You collected 819 gold pieces.
You spent 190 gold pieces at shops.

Inventory:

Hand Weapons
 h - a +1 vampiric dagger
 p - a +3 short sword of electrocution (weapon)
Armour
 a - a +1 cloak (worn)
 e - a cursed +1 pair of boots (worn)
 n - a +3 buckler (worn)
 q - a +2 pair of gloves (worn)
Jewellery
 v - a +3 ring of intelligence (left hand)
 x - a +3 ring of intelligence (right hand)
Wands
 c - a wand of polymorph (5)
 o - a wand of paralysis (14)
 y - a wand of digging (5)
 z - a wand of flame (28)
Scrolls
 d - 10 scrolls of remove curse
 f - 9 scrolls of identify
 j - 5 scrolls of fog
 k - 2 scrolls of amnesia
 t - a scroll of magic mapping
 w - 2 scrolls of immolation
 C - a scroll of brand weapon
Potions
 i - 3 potions of invisibility
 m - 5 potions of curing
 r - a potion of agility
 s - 2 potions of magic
 A - 2 potions of resistance
 B - a potion of flight
Comestibles
 b - 27 rations
 l - 7 chunks of flesh


   Skills:
 - Level 5.0 Fighting
 + Level 7.6 Short Blades
 + Level 4.1 Dodging
 - Level 1.7 Stealth
 - Level 4.2 Shields
 * Level 11.1 Spellcasting
 * Level 11.9 Conjurations
 * Level 13.6 Fire Magic


You had 13 spell levels left.
You knew the following spells:

 Your Spells              Type           Power        Failure   Level  Hunger
a - Flame Tongue          Conj/Fire      #####        1%          1    None
b - Conjure Flame         Conj/Fire      ######..     1%          3    None
c - Sticky Flame          Conj/Fire      ######..     1%          4    None
d - Fireball              Conj/Fire      ######....   1%          5    ###....
e - Force Lance           Conj/Tloc      #####...     3%          4    None
f - Fulminant Prism       Conj/Hex       #####.....   3%          4    None


Dungeon Overview and Level Annotations

Branches:
Dungeon (10/15)            Temple (1/1) D:5            Lair (6/6) D:10
 Shoals (0/4) Lair:2        Snake (0/4) Lair:3        Slime (0/5) Lair:6
    Orc: D:9-12

Altars:
Ashenzari
Dithmenos
Elyvilon
Fedhas
Gozag
Hepliaklqana
Kikubaaqudgha
Makhleb
Nemelex Xobeh
Qazlal
Ru
Sif Muna
Trog
Uskayaw
Vehumet
Xom
Yredelemnul
Zin
The Shining One

Shops:
D:5 [!%((


Innate Abilities, Weirdness & Mutations

You can breathe blasts of fire.
Your fiery red scales are hard. (AC +8)
You cannot fit into any form of body armour.
Your flesh is heat resistant. (rF+)
You are cold-blooded and may be slowed by cold attacks.
You possess an exceptional clarity of mind.
Your magical capacity is low. (-10% MP)


Message History

You feel sick. The elephant misses you. The elephant barely misses you.
A black mamba comes into view.
You see here a wolf corpse.
Okay, then.
You block the wolf's attack. The wolf misses you.
You feel sick.
You are no longer poisoned.
The wolf bites you but does no damage. The wolf barely misses you.
The wolf bites you.
* * * LOW HITPOINT WARNING * * *
There is a stone staircase leading up, spattered with blood here.
The black mamba hisses angrily.
The wolf barely misses you. The elephant tramples you!
* * * LOW HITPOINT WARNING * * *
You stumble backwards!
You stop ascending the stairs.
Okay, then.
You feel better. The wolf bites you but does no damage.
The wolf completely misses you. The elephant tramples you!
You die...

#####
#.#.############### ##
##....#P...#.#..#.###.
#...........†........
#...........P)P##..##
##.....<.....#########
#P(...Y......# #
###..@h.....P#
#....S......#
##.........##
#.##.#..#.P#
##.######...#
#..####....##
#....###...#
##...##....##
##...........#


You could see an elephant, a black mamba and a wolf.

Vanquished Creatures
  Snorg (Lair:5)
  Fannar (Lair:1)
  4 hydras
  2 two-headed ogres
  Urug (Lair:5)
  Sonja (Lair:3)
  The ghost of smeego the Slasher, a novice OpFi of Okawaru (D:6)
  An oklob plant (D:10)
  3 elephants
  4 black mambas
  A gargoyle (D:10)
  The ghost of RandomusNamus the Slasher, a novice HOMo (D:4)
  A rime drake (Lair:4)
  6 spiny frogs
  4 komodo dragons
  2 polar bears
  2 hornets (Lair:6)
  16 blink frogs
  A snapping turtle (Lair:2)
  5 hippogriffs
  3 spriggans (Lair:6)
  3 wyverns
  30 yaks
  3 basilisks
  2 hungry ghosts
  4 nagas (Lair:3)
  Duvessa (D:4)
  15 water moccasins
  An orc warrior (D:9)
  6 porcupines
  A necrophage (D:6)
  4 sky beasts
  A phantom (D:7)
  3 black bears
  3 ice beasts
  2 ogres
  A boggart (Lair:6)
  A centaur (D:7)
  10 wolves
  8 crocodiles
  A big kobold (D:7)
  12 bullfrogs
  A gnoll sergeant (D:8)
  Dowan (D:4)
  9 jellies
  A scorpion (D:9)
  4 wights (D:10)
  2 vampire bats (Lair:5)
  An electric eel (Lair:2)
  3 howler monkeys (D:9)
  A crimson imp (D:8)
  2 bullfrog skeletons
  2 hounds
  5 orc priests
  4 orc wizards
  4 centaur skeletons
  2 iguanas
  6 worker ants
  7 hell rats (Lair:5)
  2 hound skeletons
  Robin (D:2)
  A worker ant zombie (D:9)
  6 adders
  16 gnolls
  A shadow imp (D:7)
  2 oozes (D:3)
  An adder skeleton (D:8)
  3 worms
  7 leopard geckos
  29 orcs
  13 bats
  A giant cockroach (D:7)
  13 hobgoblins
  8 jackals
  5 quokkas
  A ball python (D:3)
  4 frilled lizards (D:2)
  A giant cockroach zombie (D:6)
  17 goblins
  A jackal skeleton (D:7)
  16 kobolds
  A leopard gecko skeleton (D:7)
  4 rats
  A fulminant prism (Lair:4)
  2 fungi
  A plant (D:10)
386 creatures vanquished.

Vanquished Creatures (others)
  A fire vortex (D:4)
  9 fulminant prisms
  13 fungi
  A plant (Lair:6)
24 creatures vanquished.

Grand Total: 410 creatures vanquished

Notes
Turn   | Place    | Note
-------+----------+-------------------------------------------
     0 | D:1      | JeffiDaFish the Draconian Fire Elementalist began the quest for the Orb.
     0 | D:1      | Reached XP level 1. HP: 14/14 MP: 3/3
   126 | D:1      | Reached XP level 2. HP: 10/20 MP: 0/5
   657 | D:1      | Reached XP level 3. HP: 26/26 MP: 0/6
  1186 | D:1      | Learned a level 3 spell: Conjure Flame
  1362 | D:2      | Reached XP level 4. HP: 28/33 MP: 4/8
  1378 | D:2      | Learned a level 4 spell: Sticky Flame
  1663 | D:2      | Noticed Robin
  2102 | D:2      | Killed Robin
  2401 | D:3      | Reached XP level 5. HP: 33/38 MP: 0/10
  2480 | D:3      | Found a burning altar of Makhleb.
  3200 | D:3      | Reached skill level 4 in Fire Magic
  3419 | D:3      | Reached XP level 6. HP: 45/45 MP: 4/11
  4000 | D:4      | Noticed Duvessa
  4000 | D:4      | Noticed Dowan
  4150 | D:4      | Noticed RandomusNamus's ghost (novice HOMo)
  4628 | D:4      | Killed RandomusNamus's ghost
  4628 | D:4      | Reached skill level 5 in Conjurations
  4628 | D:4      | Your scales start taking on a fiery red colour.
  4628 | D:4      | Reached skill level 5 in Fire Magic
  4628 | D:4      | Reached XP level 7. HP: 45/50 MP: 5/14
  4628 | D:4      | Gained mutation: Your flesh is heat resistant. (rF+) [Red Draconian growth]
  4704 | D:4      | Learned a level 5 spell: Fireball
  4865 | D:4      | Killed Duvessa
  4865 | D:4      | Reached skill level 5 in Spellcasting
  4876 | D:4      | Killed Dowan
  4876 | D:4      | Reached skill level 6 in Fire Magic
  5090 | D:4      | Found a burning altar of Makhleb.
  5090 | D:4      | Noticed a green death
  5093 | D:4      | Noticed a smoke demon
  5093 | D:4      | Noticed an orange demon
  5326 | D:5      | Entered Level 5 of the Dungeon
  5364 | D:5      | Reached skill level 1 in Short Blades
  5454 | D:5      | Found Turiely's Distillery.
  5473 | D:5      | Bought a potion of heal wounds for 55 gold pieces
  5473 | D:5      | Bought a potion of curing for 33 gold pieces
  5512 | D:5      | Found Asipneck's Food Shop.
  5648 | D:5      | Gained mutation: You tend to lose your temper in combat. [potion of mutation]
  5648 | D:5      | Lost mutation: You tend to lose your temper in combat. [potion of mutation]
  5648 | D:5      | Gained mutation: Your magical capacity is low. (-10% MP) [potion of mutation]
  5648 | D:5      | Gained mutation: You possess an exceptional clarity of mind. [potion of mutation]
  5683 | D:5      | Found Sausiy's Antique Armour Shop.
  5716 | D:5      | Found a staircase to the Ecumenical Temple.
  5722 | Temple   | Entered the Ecumenical Temple
  5818 | Temple   | Became a worshipper of Sif Muna the Loreminder
  5966 | D:5      | Found Luett's Antique Weapon Emporium.
  5974 | D:5      | Bought a glowing short sword for 102 gold pieces
  6048 | D:5      | Found Xenuov's Antique Weapon Emporium.
  6326 | D:6      | Noticed smeego's ghost (novice OpFi)
  6341 | D:6      | Killed smeego's ghost
  6341 | D:6      | Reached skill level 1 in Shields
  6341 | D:6      | Reached XP level 8. HP: 28/57 MP: 2/15
  6542 | D:6      | Reached * piety under Sif Muna
  6766 | D:6      | Reached skill level 7 in Fire Magic
  7676 | D:7      | Reached XP level 9. HP: 59/62 MP: 8/16
  8096 | D:7      | Reached ** piety under Sif Muna
  8096 | D:7      | Reached skill level 8 in Fire Magic
  8823 | D:8      | Noticed a two-headed ogre
  8961 | D:8      | Killed a two-headed ogre
  8961 | D:8      | Reached skill level 9 in Fire Magic
  9245 | D:8      | Reached XP level 10. HP: 69/69 MP: 19/19
  9311 | D:8      | Reached *** piety under Sif Muna
 10026 | D:9      | Noticed a two-headed ogre
 10034 | D:9      | Killed a two-headed ogre
 10460 | D:9      | Found a basalt altar of Yredelemnul.
 10535 | D:9      | Reached skill level 1 in Fighting
 10775 | D:9      | Reached skill level 10 in Fire Magic
 11129 | D:9      | Reached **** piety under Sif Muna
 11412 | D:10     | Entered Level 10 of the Dungeon
 11754 | D:10     | Noticed a gargoyle
 11774 | D:10     | Killed a gargoyle
 11774 | D:10     | Reached skill level 5 in Short Blades
 12122 | D:10     | Found a staircase to the Lair.
 12123 | D:10     | Noticed an oklob plant
 12130 | D:10     | Killed an oklob plant
 12130 | D:10     | Reached XP level 11. HP: 80/80 MP: 10/21
 12377 | Lair:1   | Entered Level 1 of the Lair of Beasts
 12559 | Lair:1   | Noticed Fannar
 12569 | Lair:1   | Killed Fannar
 12667 | Lair:1   | Noticed a four-headed hydra
 12675 | Lair:1   | Killed a four-headed hydra
 12675 | Lair:1   | Reached skill level 11 in Fire Magic
 12967 | Lair:1   | Reached ***** piety under Sif Muna
 13471 | Lair:2   | Identified Sif Muna's Incunabulum of Freezing Combat Magic (Sif Muna gifted it to you on level 2 of the Lair of Beasts)
 13471 | Lair:2   | Received a gift from Sif Muna
 13598 | Lair:2   | Reached skill level 10 in Conjurations
 13875 | Lair:2   | Found a staircase to the Shoals.
 15779 | Lair:3   | Reached XP level 12. HP: 92/92 MP: 11/23
 15907 | Lair:3   | Found a staircase to the Snake Pit.
 15953 | Lair:3   | Reached skill level 12 in Fire Magic
 16162 | Lair:3   | Noticed Sonja
 16165 | Lair:3   | Killed Sonja
 16609 | Lair:3   | Reached skill level 10 in Spellcasting
 16740 | Lair:3   | Reached skill level 5 in Fighting
 17462 | Lair:4   | Noticed a seven-headed hydra
 17466 | Lair:4   | Killed a seven-headed hydra
 17466 | Lair:4   | Identified Irunod's Papyrus of Dislocated Augmentations (Sif Muna gifted it to you on level 4 of the Lair of Beasts)
 17466 | Lair:4   | Received a gift from Sif Muna
 17568 | Lair:4   | Learned a level 4 spell: Force Lance
 17573 | Lair:4   | Learned a level 4 spell: Fulminant Prism
 18292 | Lair:4   | Noticed a six-headed hydra
 18299 | Lair:4   | Killed a six-headed hydra
 18647 | Lair:5   | Noticed Urug
 18652 | Lair:5   | Killed Urug
 19173 | Lair:5   | Noticed Snorg
 19188 | Lair:5   | Killed Snorg
 19272 | Lair:5   | Reached skill level 13 in Fire Magic
 20200 | Lair:5   | Noticed an eight-headed hydra
 20209 | Lair:5   | Killed an eight-headed hydra
 20934 | Lair:6   | Entered Level 6 of the Lair of Beasts
 20991 | Lair:6   | Reached XP level 13. HP: 100/100 MP: 9/25
 22094 | Lair:6   | Found a staircase to the Slime Pits.
 22311 | Lair:6   | Paralysed by a hornet for 1 turns
 22352 | Lair:6   | HP: 1/100 [elephant (11)]
 22354 | Lair:6   | Slain by an elephant

Vault maps used:
D:1:      enne_arrival_octagon_isle
D:2:      first_ration, kennysheep_generic_room_13, uniq_robin
D:3:      nicolae_overflow_crystal_walls, kennysheep_generic_room_6
D:4:      solitary_fountain, makhleb_altar_promises_db, uniq_duvessa
D:5:      minmay_temple_entry_hall, serial_shops, shop_statue,
          nicolae_shop_window_shopping, shop, nicolae_shop_overgrown_old_shop,
          shop
D:8:      grunt_ogre_cave
D:9:      basic_altar
D:10:     dpeg_oklobed_lair
Temple:   kilobyte_greek_temple
Lair:1:   uniq_fannar
Lair:2:   minmay_shoals_entry_hut
Lair:3:   minmay_snake_entry_guardpost_small, serial_bayou_shore_b, uniq_sonja
Lair:5:   roderic_batcave, serial_bayou_shore_a, grunt_megastairs_1,
          lemuel_fruit_fields, uniq_snorg, uniq_urug
Lair:6:   minmay_lair_end_enchanted_forest, minmay_slime_entry_jelly_boxes

Skill      XL: |  1  2  3  4  5  6  7  8  9 10 11 12 13 |
---------------+----------------------------------------+-----
Dodging        | 2 3 4 |  4.1
Conjurations   | 2 3 5 6 7 9 10 11 | 11.9
Spellcasting   | 3 4 5 6 7 8 9 10 11 | 11.1
Fire Magic     | 4 5 6 7 9 10 11 13 | 13.6
Short Blades   | 1 2 3 5 6 7 |  7.6
Shields        | 1 2 3 4 |  4.2
Fighting       | 2 4 5 |  5.0
Stealth        | |  1.7

Action                   |  1- 3 |  4- 6 |  7- 9 | 10-12 | 13-15 || total
-------------------------+-------+-------+-------+-------+-------++-------
Melee: Unarmed           |    30 |       |       |       |       ||    30
       Dagger            |    94 |   138 |    32 |       |       ||   264
       Tailslap          |    10 |    11 |    25 |    26 |    15 ||    87
       Short sword       |       |       |   197 |   275 |   100 ||   572
 Cast: Flame Tongue      |    40 |    72 |    51 |   161 |    15 ||   339
       Sticky Flame      |       |     5 |    24 |   105 |    23 ||   157
       Conjure Flame     |       |     4 |       |       |     5 ||     9
       Fireball          |       |       |     1 |    56 |    11 ||    68
       Fulminant Prism   |       |       |       |     8 |     2 ||    10
       Force Lance       |       |       |       |     8 |     2 ||    10
Invok: Divine Energy     |       |       |     1 |       |       ||     1
 Abil: Breathe Fire      |       |       |       |     8 |     4 ||    12
  Use: Scroll            |     4 |     7 |     2 |    12 |     4 ||    29
       Potion            |       |     8 |     4 |     5 |     3 ||    20
 Stab: Sleeping          |     3 |     2 |     2 |     1 |       ||     8
       Invisible         |       |       |       |     1 |       ||     1
  Eat: Chunk             |     2 |    12 |    21 |    31 |     2 ||    68
       Ration            |       |       |       |     6 |     1 ||     7
Armor: Skin              |    37 |    50 |    82 |    91 |    51 ||   311
Dodge: Dodged            |   101 |    77 |   118 |   175 |    77 ||   548
Block: Buckler           |       |       |    42 |   118 |    48 ||   208

Table legend:
 A = Spawn XP
 B = Non-spawn XP
 C = Spawn XP percentage of total XP
 D = Spawn monster count
 E = Non-spawn monster count
 F = Spawn count percentage of total count
 G = Total turns spent on level
                    A         B        C        D         E        F      G
               +---------+---------+-------+---------+---------+-------+---------
         Total |       0 |   46679 |   0.0 |       0 |     382 |   0.0 | 22354
               +---------+---------+-------+---------+---------+-------+---------
           D:1 |       0 |      72 |   0.0 |       0 |      33 |   0.0 |  1703
           D:2 |       0 |     107 |   0.0 |       0 |      24 |   0.0 |   683
           D:3 |       0 |     261 |   0.0 |       0 |      33 |   0.0 |  1765
           D:4 |       0 |     806 |   0.0 |       0 |      14 |   0.0 |  1177
           D:5 |       0 |     133 |   0.0 |       0 |       5 |   0.0 |   846
           D:6 |       0 |    1216 |   0.0 |       0 |      22 |   0.0 |  1112
           D:7 |       0 |    1667 |   0.0 |       0 |      34 |   0.0 |  1348
           D:8 |       0 |    1639 |   0.0 |       0 |      19 |   0.0 |  1219
           D:9 |       0 |    3220 |   0.0 |       0 |      24 |   0.0 |  1428
          D:10 |       0 |    2109 |   0.0 |       0 |      15 |   0.0 |  1079
        Lair:1 |       0 |    4155 |   0.0 |       0 |      13 |   0.0 |   839
        Lair:2 |       0 |    4160 |   0.0 |       0 |      24 |   0.0 |  1977
        Lair:3 |       0 |    7266 |   0.0 |       0 |      31 |   0.0 |  2065
        Lair:4 |       0 |    3520 |   0.0 |       0 |       7 |   0.0 |  1176
        Lair:5 |       0 |    8411 |   0.0 |       0 |      41 |   0.0 |  2996
        Lair:6 |       0 |    7937 |   0.0 |       0 |      43 |   0.0 |   810
               +---------+---------+-------+---------+---------+-------+---------
